 Seeded DCSS version 0.28.0-53-g5a82cb258f (webtiles) character file.

Game seed: 9403513121866162502 (custom seed)

79 hikkokomori the Sneak (level 4, -1/28 HPs)
             Began as an Octopode Enchanter on Oct 23, 2022.
             Slain by a gnoll
             ... wielding a +0 club
              (4 damage)
             ... on level 2 of the Dungeon.
             The game lasted 00:04:43 (2385 turns).

hikkokomori the Sneak (Octopode Enchanter)          Turns: 2385, Time: 00:04:44

Health: -1/28      AC:  1    Str:  7    XL:     4   Next: 38%
Magic:  0/7        EV:  7    Int: 17    God:
Gold:   90         SH:  0    Dex: 14    Spells: 3/7 levels left

rFire   . . .      SeeInvis .   a - +1 dagger
rCold   . . .      Faith    .   (no shield)
rNeg    . . .      Spirit   .   (helmet restricted)
rPois   .          Reflect  .   (no amulet)
rElec   .          Harm     .   (no ring)
rCorr   .          Rampage  .   (no ring)
Will    .....                   (no ring)
Stlth   ++++......              (no ring)
HPRegen 0.09/turn               (no ring)
MPRegen 0.10/turn               (no ring)
                                (no ring)
                                (no ring)

@: held, invisible
A: almost no armour, amphibious, 8 rings, camouflage 1, gelatinous body 1,
(nimble swimmer 1), tentacles
a: no special abilities


You were on level 2 of the Dungeon.
You visited 1 branch of the dungeon, and saw 2 of its levels.

You collected 101 gold pieces.
You spent 11 gold pieces at shops.

Inventory:

Hand Weapons
 a - a +1 dagger (weapon)
Scrolls
 e - a scroll of magic mapping {unknown}
 f - a scroll of identify {unknown}
 i - a scroll of fear {unknown}
 j - a scroll of noise {unknown}
 l - a scroll of brand weapon {unknown}
Potions
 c - a potion of mutation {unknown}
 d - a potion of heal wounds {unknown}
 g - a potion of degeneration
 h - a potion of might {unknown}
 k - a potion of ambrosia {unknown}
 m - a potion of curing {unknown}


   Skills:
 - Level 1.3 Fighting
 + Level 1.9 Short Blades
 - Level 2.6 Dodging
 + Level 4.8 Stealth
 - Level 2.0 Spellcasting
 + Level 3.4 Hexes
 + Level 0.2 Translocations


You had 3 spell levels left.
You knew the following spells:

 Your Spells              Type           Power      Damage    Failure   Level
a - Ensorcelled Hibernat  Hex/Ice        14%        N/A       14%         2
b - Blink                 Tloc           4%         N/A       26%         2

Your spell library contained the following spells:

 Spells                   Type           Power      Damage    Failure   Level
 Slow                     Hex            52%        N/A       4%          1
 Confusing Touch          Hex            13%        N/A       14%         3
 Tukima's Dance           Hex            13%        N/A       14%         3
 Dazzling Flash           Conj/Hex       14%        N/A       28%         3
 Lesser Beckoning         Tloc           2%         N/A       47%         3
 Vampiric Draining        Necr           1%         2d6       50%         3
 Manifold Assault         Tloc           2%         N/A       99%         5


Dungeon Overview and Level Annotations

Branches:
Dungeon (2/15)

Altars:

Shops:
D:1 !


Innate Abilities, Weirdness & Mutations

You cannot wear most types of armour.
You are amphibious.
You can wear up to eight rings at the same time.
Your skin changes colour to match your surroundings (Stealth+).
Your rubbery body absorbs attacks. (AC +1, EV +1)
((You are camouflaged when in or above water. (Stealth+)))
You have tentacles for arms and can constrict up to eight enemies at once.


Message History

You constrict the gnoll, but do no damage.
The gnoll hits you with a +0 club!
Unknown command.
Casting: Ensorcelled Hibernation (safe; 14% risk of failure)
Confirm with . or Enter, or press ? or * to list all spells.
Aiming: Ensorcelled Hibernation (safe; 14% risk of failure)
Press: ? - help, Shift-Dir - straight line, f - gnoll
Aim: a gnoll, wielding a +0 club and quivering a throwing net (moderately wounded, constricted by you, chance to affect: 50%)
The gnoll looks drowsy...
You constrict the gnoll.
Unknown command.
You release your grip on the gnoll.
The gnoll shouts!
Casting: Ensorcelled Hibernation (safe; 14% risk of failure)
Confirm with . or Enter, or press ? or * to list all spells.
Aiming: Ensorcelled Hibernation (safe; 14% risk of failure)
Press: ? - help, Shift-Dir - straight line, f - gnoll, p - gnoll
Aim: a gnoll, wielding a +0 spear (chance to affect: 50%)
The gnoll resists with some effort.
The gnoll misses you. The gnoll closely misses you.
Unknown command.
Casting: Ensorcelled Hibernation (safe; 14% risk of failure)
Confirm with . or Enter, or press ? or * to list all spells.
Aiming: Ensorcelled Hibernation (safe; 14% risk of failure)
Press: ? - help, Shift-Dir - straight line, f - gnoll, p - gnoll
Aim: a gnoll, wielding a +0 club and quivering a throwing net (moderately wounded, not susceptible)
The gnoll is unaffected.
The gnoll closely misses you. The gnoll barely misses you.
Unknown command.
Things that are here:
a +0 flail; a gnoll corpse The gnoll throws a throwing net.
The throwing net hits you.
You become entangled in the net!
You see here a throwing net.
You tear a large gash into the net.
The gnoll hits you from afar with a +0 spear!
* * * LOW HITPOINT WARNING * * *
Unknown command.
You fade into invisibility!
The gnoll hits you with a +0 club.
You die...

#. #. #. #. # #### ####.
#. ..# #.... #.####.#
##########....
#....#g#####.............
#......g@....########....
#..).#.####### #....
#.#.##.# #.... #... ..#
#)... ###.#### #.... #.
##.... #. #..... #.
#.#..# #. .###.#..#


You could see 2 gnolls.

Vanquished Creatures
  2 gnolls (D:2)
  2 adders (D:2)
  2 worms (D:2)
  A dart slug (D:1)
  3 endoplasms (D:1)
  2 giant cockroaches (D:1)
  3 hobgoblins (D:1)
  3 jackals (D:1)
  3 kobolds
  4 ball pythons
  2 bats
  A frilled lizard (D:1)
  4 goblins
  2 rats (D:1)
34 creatures vanquished.

Notes
Turn   | Place    | Note
-------+----------+-------------------------------------------
     0 | D:1      | hikkokomori the Octopode Enchanter began the quest for the
                  | Orb.
     0 | D:1      | Reached XP level 1. HP: 11/11 MP: 3/3
   352 | D:1      | Reached XP level 2. HP: 17/17 MP: 5/5
   824 | D:1      | Found Wirodosm's Distillery.
   849 | D:1      | Bought a potion of degeneration for 11 gold pieces
  1097 | D:1      | Reached XP level 3. HP: 22/22 MP: 6/6
  1293 | D:1      | Learned a level 2 spell: Ensorcelled Hibernation
  1380 | D:2      | Reached skill level 1 in Fighting
  2188 | D:2      | Reached XP level 4. HP: 28/28 MP: 4/7
  2343 | D:2      | Learned a level 2 spell: Blink
  2385 | D:2      | Slain by a gnoll

Illustrated notes

Levels and vault maps discovered:
D:1:      roderic_dead_forest, layout_basic, serial_shops, shop
D:2:      layout_loops_cross, minmay_split_cup_large

Skill      XL: |  1  2  3 |
---------------+----------+-----
Fighting       | 1 |  1.3
Short Blades   | |  1.9
Dodging        | |  2.6
Stealth        | |  4.8
Spellcasting   | |  2.0
Hexes          | |  3.4
Translocations | |  0.2

Action                   |  1- 3 |  4- 6 || total
-------------------------+-------+-------++-------
Melee: Dagger            |    77 |    10 ||    87
       Constrict         |    13 |     2 ||    15
       Punch             |     2 |       ||     2
       Tentacles         |    12 |     2 ||    14
 Cast: Ensorcelled Hiber |     6 |     5 ||    11
  Use: Potion            |       |     1 ||     1
 Stab: Sleeping          |    10 |     1 ||    11
Armor: Skin              |     4 |       ||     4
Dodge: Dodged            |    36 |    11 ||    47
